 Dungeon Crawl Stone Soup version 0.32-a0-765-gfba4d74c8c (webtiles) character file.

Game seed: 2333069405545538000

16 GordonOverkill the Sneak (level 2, 0/24 HPs)
             Began as a Demonspawn Delver on Mar 18, 2024.
             Succumbed to an adder's poison
             ... on level 3 of the Dungeon.
             The game lasted 00:00:50 (111 turns).

GordonOverkill the Sneak (Demonspawn Delver)         Turns: 111, Time: 00:00:50

Health: 0/24       AC:  3    Str: 12    XL:     2   Next: 37%
Magic:  2/2        EV: 10    Int: 12    God:
Gold:   0          SH:  0    Dex: 14    Spells: 1/1 levels left

rFire   . . .        a - +0 hand axe
rCold   . . .        (no shield)
rNeg    . . .        b - +0 leather armour
rPois   .            (helmet restricted)
rElec   .            (no cloak)
rCorr   .            (no gloves)
SInv    .            (no boots)
Will    .....        (no amulet)
Stlth   ++           (no ring)
HPRegen 0.24/turn    (no ring)
MPRegen 0.08/turn

%: random rage (3%)
@: lethally poisoned (0 -> -1)
A: big brain 1, antennae 1, berserk 1, MP-powered wands
a: no special abilities


You were on level 3 of the Dungeon.
You visited 1 branch of the dungeon, and saw 3 of its levels.

Inventory:

Hand Weapons
 a - a +0 hand axe (weapon)
 h - a +0 morningstar
Armour
 b - a +0 leather armour (worn)
 i - a +0 ring mail
Wands
 g - a wand of digging (3)
Scrolls
 c - a scroll of fog
 d - a scroll of revelation
Potions
 f - a potion of haste


   Skills:
 - Level 3.0 Fighting
 + Level 2.8 Axes
 - Level 1.7 Dodging
 - Level 4.5 Stealth


You had one spell level left.
You didn't know any spells.
Your spell library was empty.

Dungeon Overview and Level Annotations

Branches:
Dungeon (5/15)
 Temple: D:4-7

Altars:


Innate Abilities, Weirdness & Mutations

You have an unusually large brain. (Int +2)
You have a pair of small antennae on your head.
You sometimes lose your temper in combat.
You expend magic power (3 MP) to strengthen your wands.


Message History

You hit the orc.
You kill the orc!
The adder misses you. The adder barely misses you.
You miss the adder.
The adder is heavily wounded.
The adder bites you.
* * * LOW HITPOINT WARNING * * *
You are poisoned.
The adder poisons you!
You barely miss the adder.
The adder is heavily wounded.
* * * LOW HITPOINT WARNING * * *
You feel sick. The adder bites you but does no damage.
The adder barely misses you.
You hit the adder but do no damage.
The adder is heavily wounded.
* * * LOW HITPOINT WARNING * * *
You feel sick. The adder closely misses you.
You hit the adder but do no damage.
The adder is heavily wounded.
You feel sick. The adder closely misses you. The adder bites you.
* * * LOW HITPOINT WARNING * * *
It was a potion of mutation.
You feel extremely strange.
You feel a little pissed off. A pair of antennae grows on your head!
You feel your magical essence link to the dungeon's wands.
* * * LOW HITPOINT WARNING * * *
You feel sick. The adder misses you.
You hit the adder.
You kill the adder!
* * * LOW HITPOINT WARNING * * *
You feel sick.
You have reached level 2!
Your demonic ancestry asserts itself...
Your brain expands.
Unknown command.
Unknown command.
Unknown command.
Okay, then.
Okay, then.
You die...

###
..#
#.#
#.#
#@#
#>#
#)#
#.#
#..
###


There were no monsters in sight!

Vanquished Creatures
  An adder (D:3)
  3 orcs
4 creatures vanquished.

Notes
Turn   | Place    | Note
-------+----------+-------------------------------------------
     0 | D:5      | GordonOverkill the Demonspawn Delver began the quest for
                  | the Orb.
     0 | D:5      | Reached XP level 1. HP: 18/18 MP: 1/1
    72 | D:5      | Noticed a scorpion
   109 | D:3      | Gained mutation: You sometimes lose your temper in combat.
                  | [potion of mutation]
   109 | D:3      | Gained mutation: You have a pair of small antennae on your
                  | head. [potion of mutation]
   109 | D:3      | Gained mutation: You expend magic power (3 MP) to
                  | strengthen your wands. [potion of mutation]
   111 | D:3      | Gained mutation: You have an unusually large brain. (Int
                  | +2) [demonic ancestry]
   111 | D:3      | Reached XP level 2. HP: 1/24 MP: 2/2
   111 | D:3      | Succumbed to an adder's poison

Illustrated notes

Levels and vault maps discovered:
D:3:      layout_loops_cross, serial_shops, nicolae_shop_rolling_square,
          kennysheep_generic_room_6
D:4:      layout_rooms, st_stairs_8, uniq_edmund
D:5:      layout_cave_pools, gammafunk_temple_overflow_forgotten,
          mainiacjoe_overflow_surrounded_room, lemuel_temple_firewalk_b,
          serial_demonic, serial_demonic_a, serial_demonic_f, serial_demonic_e,
          serial_demonic_b, serial_demonic_c, serial_demonic_d,
          serial_demonic_d, kennysheep_doodads, minmay_diced_spiral,
          uniq_crazy_yiuf_cottage

Skill      XL: |  1 |
---------------+----+-----
Axes           | 2 |  2.8
Fighting       | |  3.0
Dodging        | |  1.7
Stealth        | |  4.5

Action                     || total
---------------------------++-------
  Melee: Hand axe          ||    14
    Use: Scroll            ||     1
         Potion            ||     1
 Armour: Leather armour    ||     9
  Dodge: Dodged            ||    15

Table legend: (Time is in decaauts)
 A = Elapsed time spent in this place.
 B = Non-inter-level travel time spent in this place.
 C = Inter-level travel time spent in this place.
 D = Time resting spent in this place.
 E = Time spent auto-exploring this place.
 F = Levels seen in this place.
 G = Mean time per level.
                   A        B        C        D        E       F      G
               +--------+--------+--------+--------+--------+-----+--------+
         Total |    113 |    113 |      0 |     23 |      0 |   3 |   37.7 |
       Dungeon |    113 |    113 |      0 |     23 |      0 |   3 |   37.7 |
               +--------+--------+--------+--------+--------+-----+--------+

Top non-repeatable levels by time:
     D:5: 92 daAuts
     D:3: 11 daAuts
     D:4: 9 daAuts
